 Dungeon Crawl Stone Soup version 0.23.2-1-ga50397a (webtiles) character file.

Game seed: 15772351058724788859

275 stonz the Bolt Thrower (level 6, 0/51 HPs)
             Began as a Centaur Hunter on Apr 19, 2019.
             Slain by a slave (8 damage)
             ... led by Pikel
             ... on level 4 of the Dungeon.
             The game lasted 00:22:40 (3357 turns).

stonz the Bolt Thrower (Centaur Hunter)             Turns: 3357, Time: 00:22:41

Health: 0/51       AC:  5    Str: 16    XL:     6   Next: 3%
Magic:  6/6        EV:  9    Int: 10    God:
Gold:   24         SH:  0    Dex: 10    Spells: 5/5 levels left

rFire    . . .     SeeInvis .   m - +0 arbalest
rCold    . . .     Gourm    .   (shield currently unavailable)
rNeg     . . .     Faith    .   a - +0 ring mail
rPois    .         Spirit   .   (no helmet)
rElec    .         Reflect  .   (no cloak)
rCorr    .         Harm     .   (no gloves)
MR       .....                  (no barding)
Stlth    ..........             (no amulet)
HPRegen  0.17/turn              (no ring)
MPRegen  0.10/turn              (no ring)

@: very quick
A: large, hooves 3, deformed body, speed 2, tough skin 3
a: no special abilities


You were on level 4 of the Dungeon.
You were very full.

You visited 1 branch of the dungeon, and saw 4 of its levels.

You collected 88 gold pieces.
You spent 64 gold pieces at shops.

Inventory:

Hand Weapons
 m - a +0 arbalest (weapon)
 o - a +0 rapier
Missiles
 d - 40 bolts (quivered)
Armour
 a - a +0 ring mail (worn)
Jewellery
 h - an uncursed ring of resist corrosion {unknown}
 i - a +3 ring of evasion {unknown}
 n - an uncursed ring of poison resistance {unknown}
Scrolls
 c - a scroll of enchant armour {unknown}
 e - a scroll of blinking {unknown}
 j - a scroll of remove curse
 p - a scroll of fog {unknown}
Potions
 b - a potion of invisibility {unknown}
 g - a potion of agility {unknown}
 k - 2 potions of flight {unknown}
 l - a potion of might {unknown}
 q - a potion of heal wounds {unknown}
 r - a potion of curing {unknown}
Comestibles
 f - 5 rations


   Skills:
 + Level 3.2 Fighting
 + Level 6.7 Crossbows
 + Level 1.5 Armour
 + Level 1.8 Dodging
 + Level 0.6 Stealth


You had 5 spell levels left.
You didn't know any spells.
Your spell library was empty.

Dungeon Overview and Level Annotations

Branches:
Dungeon (4/15)
 Temple: D:4-7

Altars:

Shops:
D:4 *

Annotations:
D:4 Duvessa, Pikel


Innate Abilities, Weirdness & Mutations

You have hooves in place of feet.
Armour fits poorly on your strangely shaped body.
You cover ground very quickly.
You have extremely tough skin. (AC +3)


Message History

Press: ? - help, Shift-Dir - straight line, f/p - slave
Aim: a slave, wearing a +0 animal skin (severely wounded)
You shoot a bolt. The bolt misses Pikel.
The bolt barely misses the slave.
Duvessa rages.
The slave hits you. Pikel hits you but does no damage.
Duvessa rages.
The slave barely misses you.
Firing (i - inventory)
d - 41 bolts (quivered)
Press: ? - help, Shift-Dir - straight line, f/p - slave
Aim: a slave, wearing a +0 animal skin (severely wounded)
You shoot a bolt. The bolt hits Pikel.
Pikel is moderately wounded.
Duvessa rages.
Pikel hits you with a +2 whip of flaming!
* * * LOW HITPOINT WARNING * * *
Pikel burns you.
* * * LOW HITPOINT WARNING * * *
Duvessa rages.
The slave hits you!
You die...

.. #........ ..#
###....... ## ## .#.
.......... ... #. .(
##.......
....##.#.######........
#....$p#(##.....##..>##
#.(S.p....######..###
#####Kp.^............
#..(@pe........##....
.....############..##...
### ##...... ####...
#... ####


You could see Pikel, Duvessa (berserk) and 3 slaves.

Vanquished Creatures
  A black bear (D:4)
  Dowan (D:4)
  An orc wizard (D:3)
  5 adders
  2 worms
  6 orcs
  A ball python (D:4)
  4 bats (D:1)
  2 giant cockroaches (D:3)
  7 goblins
  8 hobgoblins
  5 jackals
  2 quokkas (D:2)
  7 frilled lizards
  A kobold (D:3)
  6 rats
59 creatures vanquished.

Notes
Turn   | Place    | Note
-------+----------+-------------------------------------------
     0 | D:1      | stonz the Centaur Hunter began the quest for the Orb.
     0 | D:1      | Reached XP level 1. HP: 17/17 MP: 1/1
   176 | D:1      | Reached XP level 2. HP: 24/24 MP: 2/2
   386 | D:1      | Reached skill level 5 in Crossbows
  1132 | D:2      | Reached XP level 3. HP: 20/30 MP: 3/3
  2235 | D:2      | Reached XP level 4. HP: 6/37 MP: 4/4
  2761 | D:3      | Reached skill level 6 in Crossbows
  2945 | D:3      | Reached XP level 5. HP: 44/44 MP: 5/5
  3185 | D:4      | Noticed a black bear
  3190 | D:4      | Killed a black bear
  3190 | D:4      | Reached skill level 1 in Armour
  3195 | D:4      | Found Jaggudy's General Store.
  3224 | D:4      | Bought 27 bolts for 64 gold pieces
  3342 | D:4      | Noticed Dowan
  3343 | D:4      | Noticed Duvessa
  3346 | D:4      | Noticed Pikel
  3347 | D:4      | Noticed a slave
  3347 | D:4      | Noticed a slave
  3347 | D:4      | Noticed a slave
  3347 | D:4      | Noticed a slave
  3349 | D:4      | Killed Dowan
  3349 | D:4      | Reached XP level 6. HP: 49/51 MP: 6/6
  3357 | D:4      | Slain by a slave

Skill      XL: |  1  2  3  4  5 |
---------------+----------------+-----
Crossbows      | 5 6 |  6.7
Fighting       | 3 |  3.2
Armour         | 1 |  1.5
Dodging        | |  1.8
Stealth        | |  0.6

Action                   |  1- 3 |  4- 6 || total
-------------------------+-------+-------++-------
 Fire: Hand crossbow     |    48 |       ||    48
       Arbalest          |    48 |    55 ||   103
  Use: Scroll            |     1 |     1 ||     2
  Eat: Ration            |     1 |     2 ||     3
       Chunk             |     1 |       ||     1
Armor: Leather armour    |    39 |     1 ||    40
       Ring mail         |       |    16 ||    16
Dodge: Dodged            |    59 |    14 ||    73
